 Dungeon Crawl Stone Soup version 0.29-a0-1030-gf5f8719cae (webtiles) character file.

Game seed: 13641323431558064056

645 27heaven the Carver (level 7, -2/46 HPs)
             Began as an Octopode Monk on Aug 13, 2022.
             Was an Elder of Sif Muna.
             Splashed by a jelly's acid (7 damage)
             ... on level 4 of the Dungeon.
             The game lasted 00:04:26 (4859 turns).

27heaven the Carver (Octopode Monk)                 Turns: 4859, Time: 00:04:27

Health: -2/46      AC: -3    Str: 11    XL:     7   Next: 52%
Magic:  7/7        EV: 14    Int: 12    God:    Sif Muna [****..]
Gold:   200        SH:  0    Dex: 16    Spells: 6/6 levels left

rFire   . . .      SeeInvis .   a - +1 falchion
rCold   . . .      Faith    .   (no shield)
rNeg    . . .      Spirit   .   (helmet restricted)
rPois   .          Reflect  .   (no amulet)
rElec   .          Harm     .   (no ring)
rCorr   .          Rampage  .   (no ring)
Will    .....                   (no ring)
Stlth   +++.......              (no ring)
HPRegen 0.15/turn               (no ring)
MPRegen 0.10/turn               (no ring)
                                (no ring)
                                (no ring)

@: corroded, attractive
A: almost no armour, amphibious, 8 rings, camouflage 1, gelatinous body 1,
(nimble swimmer 1), tentacles
a: Renounce Religion, Channel Magic, Forget Spell, Divine Exegesis


You were on level 4 of the Dungeon.
You worshipped Sif Muna.
Sif Muna was greatly pleased with you.
You visited 1 branch of the dungeon, and saw 4 of its levels.
You also visited: Sewer.

You collected 200 gold pieces.

Inventory:

Hand Weapons
 a - a +1 falchion (weapon)
Wands
 l - a wand of polymorph (9)
Scrolls
 c - 7 scrolls of enchant weapon
 d - 8 scrolls of fog
Potions
 b - 2 potions of attraction
 e - a potion of ambrosia {unknown}
 f - a potion of flight {unknown}
 g - 2 potions of brilliance {unknown}
 h - a potion of heal wounds {unknown}
 i - a potion of resistance {unknown}
 j - 2 potions of might {unknown}
 k - a potion of degeneration {unknown}


   Skills:
 - Level 3.0 Fighting
 + Level 8.5 Long Blades
 - Level 3.0 Dodging
 - Level 2.6 Stealth


You had 6 spell levels left.
You didn't know any spells.
Your spell library contained the following spells:

 Spells                   Type           Power      Damage    Failure   Level
 Frozen Ramparts          Ice            0%         1d1       69%         3
 Ice Form                 Ice/Tmut       0%         N/A       97%         4
 Summon Ice Beast         Ice/Summ       0%         N/A       97%         4


Dungeon Overview and Level Annotations

Branches:
Dungeon (4/15)              Sewer (visited)
 Temple: D:4-7

Altars:
Cheibriados
Hepliaklqana
Qazlal
Sif Muna

Shops:
D:3 *


Innate Abilities, Weirdness & Mutations

You cannot wear most types of armour.
You are amphibious.
You can wear up to eight rings at the same time.
Your skin changes colour to match your surroundings (Stealth+).
Your rubbery body absorbs attacks. (AC +1, EV +1)
((You are camouflaged when in or above water. (Stealth+)))
You have tentacles for arms and can constrict up to eight enemies at once.


Message History

The phantom hits you!
The phantom blinks!
You blink.
Found a snail-covered altar of Cheibriados.
The jelly moves out of view.
You are too injured to fight recklessly!
You are too injured to fight recklessly!
You are too injured to fight recklessly!
You slash the phantom!
You destroy the phantom!
Sif Muna accepts your kill.
HP restored.
A black bear comes into view.
Found a shiny scale mail.
A black bear is nearby!
A black bear is nearby!
A black bear is nearby!
A black bear comes into view.
Found a silvery potion.
The jelly quivers.
The black bear closely misses you. The black bear barely misses you.
The black bear claws you.
You hit the jelly. The acid corrodes you!
Your tentacles burn!
The jelly is moderately wounded.
The black bear bites you.
The black bear claws you. x2; The jelly hits you.
You are splashed with acid!
You are too injured to fight recklessly!
Unknown command.
The black bear attacks as you move away!
The black bear bites you. The black bear claws you. x2
* * * LOW HITPOINT WARNING * * *
Unknown command.
Okay, then.
It was a potion of attraction.
You feel attractive to monsters. The black bear bites you.
* * * LOW HITPOINT WARNING * * *
The black bear barely misses you. The black bear completely misses you.
The jelly hits you.
* * * LOW HITPOINT WARNING * * *
You are splashed with acid!
You die...

.~~##....# ...~~.##.. ..
...~~..... #.# ...~≈.####
..# ...~~.####
..########## ..(≈~.....
........... ~~~##.####
###..##...... ~~~##.#
##.......[.... ......#
#.._.@#....... #.....#
###....Jh.......
#.....####....###.#......
#.....##...#### #........
......##....# ##.h.....
#...........# ..........
#..)..#.....##..# ##.#.##
#.......<......# !# .
#......#....#### .


You could see 2 black bears and a jelly.

Vanquished Creatures
  A black bear (D:3)
  A phantom (D:4)
  3 kobold brigands (Sewer)
  A hound (D:4)
  An iguana (D:4)
  Terence (D:2)
  3 gnolls (D:2)
  6 adders
  3 river rats (Sewer)
  A worm (D:4)
  2 dart slugs
  9 ball pythons
  8 bats
  6 endoplasms
  4 giant cockroaches
  8 goblins
  4 hobgoblins
  8 jackals
  11 kobolds
  2 quokkas
  6 frilled lizards
  8 rats
97 creatures vanquished.

Vanquished Creatures (others)
  13 plants (Sewer)
13 creatures vanquished.

Grand Total: 110 creatures vanquished

Notes
Turn   | Place    | Note
-------+----------+-------------------------------------------
     0 | D:1      | 27heaven the Octopode Monk began the quest for the Orb.
     0 | D:1      | Reached XP level 1. HP: 16/16 MP: 1/1
    76 | D:1      | Reached XP level 2. HP: 18/21 MP: 2/2
   169 | D:1      | Found a faded altar of an unknown god.
   196 | D:1      | Prayed at the altar of an unknown god.
   196 | D:1      | Became a worshipper of Sif Muna the Loreminder
   196 | D:1      | Reached * piety under Sif Muna
   196 | D:1      | Reached ** piety under Sif Muna
   783 | D:1      | Reached skill level 4 in Long Blades
   788 | D:1      | Reached *** piety under Sif Muna
   835 | D:1      | You fall into a shaft and drop 1 floor!
   936 | D:1      | Reached XP level 3. HP: 25/26 MP: 3/3
  1439 | D:2      | Reached XP level 4. HP: 22/31 MP: 4/4
  1446 | D:2      | Reached skill level 5 in Long Blades
  1737 | D:2      | Found a hazy altar of Hepliaklqana.
  2046 | D:2      | Noticed Terence
  2051 | D:2      | Killed Terence
  2052 | D:2      | Reached XP level 5. HP: 36/36 MP: 5/5
  2262 | D:3      | Found Iwoppury's General Store.
  2398 | D:3      | Noticed a black bear
  2543 | D:3      | Killed a black bear
  2544 | D:3      | Reached skill level 6 in Long Blades
  2544 | D:3      | Reached XP level 6. HP: 27/42 MP: 6/6
  2855 | D:3      | Reached **** piety under Sif Muna
  2936 | D:3      | Found a stormy altar of Qazlal.
  3160 | D:4      | Found a glowing drain.
  3177 | Sewer    | Entered a sewer
  3515 | Sewer    | Reached skill level 7 in Long Blades
  3940 | Sewer    | Reached XP level 7. HP: 18/46 MP: 7/7
  4160 | Sewer    | Reached skill level 8 in Long Blades
  4665 | D:4      | Found a snail-covered altar of Cheibriados.
  4859 | D:4      | Splashed by a jelly's acid

Illustrated notes

Levels and vault maps discovered:
D:1:      nzn_arrival_crosshair, layout_basic,
          hellmonk_ecumenical_altar_lost_god
D:2:      layout_basic, basic_altar, minmay_misc_feat_diagonals, uniq_terence
D:3:      layout_basic, mainiacjoe_overflow_catwalk, serial_shops,
          nicolae_shop_waterfront, st_stairs_5
D:4:      layout_rooms, cheibriados_altar_1, cheibrodos_sewer_entry_sluice,
          serial_shops, shop

Skill      XL: |  1  2  3  4  5  6  7 |
---------------+----------------------+-----
Long Blades    | 4 5 6 7 8 |  8.5
Fighting       | |  3.0
Dodging        | |  3.0
Stealth        | |  2.6

Action                   |  1- 3 |  4- 6 |  7- 9 || total
-------------------------+-------+-------+-------++-------
Melee: Falchion          |    60 |   125 |    55 ||   240
       Constrict         |    11 |    31 |    10 ||    52
       Tentacles         |    10 |    31 |    17 ||    58
       Punch             |       |     2 |     1 ||     3
  Use: Scroll            |       |     2 |       ||     2
       Potion            |       |       |     1 ||     1
 Stab: Sleeping          |    11 |    13 |     2 ||    26
Armor: Skin              |     9 |     5 |     1 ||    15
Dodge: Dodged            |    57 |   108 |    10 ||   175

Table legend: (Time is in decaauts)
 A = Elapsed time spent in this place.
 B = Non-inter-level travel time spent in this place.
 C = Inter-level travel time spent in this place.
 D = Time resting spent in this place.
 E = Time spent auto-exploring this place.
 F = Levels seen in this place.
 G = Mean time per level.
                   A        B        C        D        E       F      G
               +--------+--------+--------+--------+--------+-----+--------+
         Total |   4857 |   4785 |     72 |    251 |   3713 |   5 |  971.4 |
       Dungeon |   3403 |   3331 |     72 |     61 |   2700 |   4 |  850.8 |
         Sewer |   1454 |   1454 |      0 |    190 |   1013 |   1 | 1454.0 |
               +--------+--------+--------+--------+--------+-----+--------+

Top non-repeatable levels by time:
   Sewer: 1454 daAuts
     D:2: 1191 daAuts
     D:1: 1077 daAuts
     D:3: 860 daAuts
     D:4: 273 daAuts
